 Dungeon Crawl Stone Soup version 0.31.0 (webtiles) character file.

Game seed: 7956553175296045431

65 qw the Shooter (level 4, -3/28 HPs)
             Began as a Gargoyle Hunter on Jan 19, 2024.
             Slain by a cerulean imp
             ... wielding a +0 spear
             ... summoned by Natasha
              (4 damage)
             ... on level 3 of the Dungeon.
             The game lasted 00:00:05 (883 turns).

qw the Shooter (Gargoyle Hunter)                     Turns: 883, Time: 00:00:05

Health: -3/28      AC:  6    Str: 15    XL:     4   Next: 13%
Magic:  4/4        EV: 11    Int:  9    God:
Gold:   61         SH:  0    Dex: 15    Spells: 3/3 levels left

rFire   . . .        a - +0 shortbow
rCold   . . .        (shield currently unavailable)
rNeg    + . .        c - +0 leather armour
rPois   inf          (no helmet)
rElec   +            (no cloak)
rCorr   .            (no gloves)
SInv    .            (no boots)
Will    .....        (no amulet)
Stlth   ++           (no ring)
HPRegen 0.24/turn    (no ring)
MPRegen 0.09/turn

%: no passive effects
@: slowed, very slow
A: sickness immunity, AC +3, negative energy resistance 1, electricity
resistance, torment resistance 1, petrification resistance
a: no special abilities


You were on level 3 of the Dungeon.
You visited 1 branch of the dungeon, and saw 3 of its levels.

You collected 61 gold pieces.


Innate Abilities, Weirdness & Mutations

You are immune to sickness and miasma.
Your stone body is resilient. (AC +3)
You are immune to poison.
You resist negative energy. (rN+)
You are resistant to electric shocks. (rElec)
You are resistant to unholy torment.
You are immune to petrification.


   Skills:
 - Level 3.0 Fighting
 + Level 5.2 Ranged Weapons
 - Level 1.5 Dodging
 - Level 1.1 Stealth


You had 3 spell levels left.
You didn't know any spells.
Your spell library was empty.

Inventory:

Hand Weapons
 a - a +0 shortbow (weapon)
Armour
 c - a +0 leather armour (worn)
 e - a +0 helmet
Scrolls
 h - a scroll of enchant weapon {unknown}
 i - a scroll of identify
 j - a scroll of noise {unknown}
Potions
 b - a potion of heal wounds {unknown}
 d - a potion of curing {unknown}
 f - a potion of resistance {unknown}
 g - a potion of enlightenment {unknown}
 k - 2 potions of invisibility {unknown}

Dungeon Overview and Level Annotations

Branches:
Dungeon (2/15)

Altars:

Annotations:
D:3 Grinder, Natasha


Message History

Grinder is lightly wounded.
Grinder hits you but does no damage.
You shoot an arrow.
The arrow hits Grinder but does no damage.
Grinder is lightly wounded.
Grinder gestures at you.
You suddenly lose the ability to move!
The cerulean imp hits you from afar with a +2 spear.
Natasha casts a spell.
The cerulean imp hits you from afar with a +2 spear.
Grinder blinks!
Natasha wildly gestures.
You feel troubled.
You can move again.
You shoot an arrow. The arrow barely misses Natasha.
The cerulean imp hits you from afar with a +2 spear.
Natasha extends her claws.
Natasha mumbles some strange words.
878 ||| RETREEEEATING.
Natasha attacks as she pursues you! Natasha closely misses you.
Natasha barely misses you.
The cerulean imp hits you with a +0 spear.
879 ||| RETREEEEATING.
The cerulean imp hits you but does no damage.
880 ||| RETREEEEATING.
You shoot an arrow. The arrow closely misses Natasha.
The arrow hits the cerulean imp!
The cerulean imp is heavily wounded.
The cerulean imp completely misses you. Natasha closely misses you.
Grinder blinks!
You shoot an arrow. The arrow hits Natasha.
Natasha is lightly wounded.
The cerulean imp hits you from afar with a +0 spear.
Natasha stares at you and mumbles some strange words.
You feel yourself slow down.
You shoot an arrow. The arrow hits Natasha!
Natasha is severely wounded.
The cerulean imp disappears in a puff of smoke!
The cerulean imp hits you from afar with a +0 spear.
You die...

##### #...#
#.#.# #.#.#
#.#@# #.#h#
#.#5#####.#
#.5ยค......#
###.##.....
.... ....
...### ###
..... ...#.#


You could see Natasha and 2 cerulean imps.

Vanquished Creatures
  A gnoll (D:2)
  An adder (D:2)
  A ribbon worm (D:2)
  A dart slug (D:1)
  4 bats (D:1)
  3 endoplasms
  4 giant cockroaches
  2 goblins
  4 hobgoblins
  6 kobolds
  4 quokkas
  2 ball pythons
  3 frilled lizards
  2 rats
38 creatures vanquished.

Notes
Turn   | Place    | Note
-------+----------+-------------------------------------------
     0 | D:1      | qw the Gargoyle Hunter began the quest for the Orb.
     0 | D:1      | Reached XP level 1. HP: 12/12 MP: 1/1
     0 | D:1      | 0 ||| qw: Version: 0.3-a-132-g3d54051
     0 | D:1      | 0 ||| qw: Game counter: 32
     0 | D:1      | 0 ||| qw: Melee chars always use a shield: true
     0 | D:1      | 0 ||| qw: God list: Okawaru
     0 | D:1      | 0 ||| qw: Allow faded altars: false
     0 | D:1      | 0 ||| qw: Do Orc after clearing Dungeon:15 true
     0 | D:1      | 0 ||| qw: Do second Lair branch before Depths: true
     0 | D:1      | 0 ||| qw: Lair rune preference: random
     0 | D:1      | 0 ||| qw: Goals: Normal
     0 | D:1      | 0 ||| PLANNING D:1-11
    69 | D:1      | Reached XP level 2. HP: 17/17 MP: 2/2
   120 | D:1      | Found a faded altar of an unknown god.
   259 | D:1      | Reached XP level 3. HP: 21/21 MP: 3/3
   381 | D:1      | 381 ||| READING scroll labelled VAIPNE UNI.
   381 | D:1      | 381 ||| IDENTIFYING fuming dark potion
   382 | D:1      | 382 ||| READING scroll labelled TEIDYRODWUCK.
   383 | D:1      | 383 ||| DROPPING scroll of butterflies.
   384 | D:1      | 384 ||| DROPPING potion of magic.
   398 | D:2      | Reached skill level 5 in Ranged Weapons
   488 | D:2      | 488 ||| FLEEEEING.
   561 | D:2      | Reached skill level 3 in Fighting
   639 | D:2      | Reached XP level 4. HP: 25/28 MP: 4/4
   639 | D:2      | 639 ||| FLEEEEING.
   863 | D:2      | You fall into a shaft and drop 1 floor!
   865 | D:3      | Noticed Grinder
   866 | D:3      | Noticed Natasha
   875 | D:3      | Paralysed by Grinder for 2 turns
   877 | D:3      | HP: 7/28 [cerulean imp/+2 spear[Natasha] (4)]
   878 | D:3      | 878 ||| RETREEEEATING.
   878 | D:3      | HP: 3/28 [cerulean imp/+0 spear[Natasha] (4)]
   879 | D:3      | 879 ||| RETREEEEATING.
   880 | D:3      | 880 ||| RETREEEEATING.
   882 | D:3      | HP: 1/28 [cerulean imp/+0 spear[Natasha] (3)]
   883 | D:3      | Slain by a cerulean imp

Levels and vault maps discovered:
D:1:      dpeg_arrival_houses_and_road, layout_rooms,
          hellmonk_ecumenical_altar_crossroads
D:2:      minmay_evil_eye, layout_loops_ring, basic_altar
D:3:      layout_basic, slow_altar_2, uniq_terence, uniq_grinder, uniq_natasha,
          uniq_sigmund

Skill      XL: |  1  2  3 |
---------------+----------+-----
Ranged Weapons | 5 |  5.2
Fighting       | 3 |  3.0
Dodging        | |  1.5
Stealth        | |  1.1

Action                     |  1- 3 |  4- 6 || total
---------------------------+-------+-------++-------
   Fire: Shortbow          |   108 |    24 ||   132
    Use: Scroll            |     2 |       ||     2
 Armour: Leather armour    |    25 |    15 ||    40
  Dodge: Dodged            |    24 |     5 ||    29

Table legend:
 A = Non-vault XP
 B = Vault XP
 C = Vault XP percentage of total XP
 D = Non-vault monster count
 E = Vault monster count
 F = Vault count percentage of total count
                 A         B        C        D         E       F
            +---------+---------+-------+---------+---------+-------
      Total |      72 |      21 |  22.6 |      33 |       5 |  13.2
            +---------+---------+-------+---------+---------+-------
        D:1 |      37 |       0 |   0.0 |      21 |       0 |   0.0
        D:2 |      35 |      21 |  37.5 |      12 |       5 |  29.4
            +---------+---------+-------+---------+---------+-------
